 Dungeon Crawl Stone Soup version 0.28.0-47-ge53b351184 (webtiles) character file.

Game seed: 11658734929148368058

299 Peloso the Slasher (level 6, 0/53 HPs)
             Began as a Minotaur Fighter on Apr 29, 2022.
             Slain by a black bear (1 damage)
             ... on level 4 of the Dungeon.
             The game lasted 00:04:59 (3194 turns).

Peloso the Slasher (Minotaur Fighter)               Turns: 3194, Time: 00:04:59

Health: 0/53       AC:  9    Str: 20    XL:     6   Next: 13%
Magic:  5/5        EV:  7    Int:  5    God:
Gold:   181        SH:  5    Dex: 12    Spells: 5/5 levels left

rFire   . . .      SeeInvis .   a - +1 long sword (venom)
rCold   . . .      Faith    .   c - +0 buckler
rNeg    . . .      Spirit   .   f - +0 chain mail
rPois   .          Reflect  .   (helmet restricted)
rElec   .          Harm     .   (no cloak)
rCorr   .          Rampage  .   (no gloves)
Will    .....                   (no boots)
Stlth   ..........              (no amulet)
HPRegen 0.17/turn               (no ring)
MPRegen 0.09/turn               (no ring)

@: no status effects
A: horns 2, retaliatory headbutt
a: no special abilities


You were on level 4 of the Dungeon.
You visited 1 branch of the dungeon, and saw 4 of its levels.
You also visited: Sewer.

You collected 181 gold pieces.

Inventory:

Hand Weapons
 a - a +1 long sword of venom (weapon)
 b - a +1 short sword of flaming
Armour
 c - a +0 buckler (worn)
 f - a +0 chain mail (worn)
Scrolls
 g - a scroll of acquirement {unknown}
 l - a scroll of teleportation
Potions
 d - 3 potions of might
 e - a potion of attraction {unknown}
 h - 3 potions of resistance {unknown}
 i - 2 potions of flight {unknown}
 j - 2 potions of magic {unknown}
 k - 5 potions of curing {unknown}


   Skills:
 + Level 4.5 Fighting
 + Level 5.4 Long Blades
 + Level 5.2 Armour
 + Level 0.8 Dodging
 + Level 0.4 Stealth
 + Level 4.4 Shields


You had 5 spell levels left.
You didn't know any spells.
Your spell library contained the following spells:

 Spells                   Type           Power      Damage    Failure   Level
 Animate Skeleton         Necr           0%         N/A       100%        1
 Apportation              Tloc           0%         N/A       100%        1
 Summon Small Mammal      Summ           0%         N/A       100%        1
 Ignite Poison            Fire/Tmut/Pois 0%         N/A       100%        3
 Mephitic Cloud           Conj/Pois/Air  0%         N/A       100%        3
 Freezing Cloud           Conj/Ice/Air   0%         6-21      100%        5


Dungeon Overview and Level Annotations

Branches:
Dungeon (4/15)              Sewer (visited)
 Temple: D:4-7

Altars:
Hepliaklqana


Innate Abilities, Weirdness & Mutations

You have a pair of horns on your head.
You reflexively headbutt those who attack you in melee.


Message History

You headbutt the black bear, but do no damage.
The black bear claws you but does no damage. x2
You hit the black bear.
The black bear looks as sick as possible!
Your headbutt misses the black bear.
The black bear is heavily wounded.
The black bear bites you. You block the black bear's attack.
The black bear barely misses you.
You barely miss the black bear.
The black bear is severely wounded.
The black bear goes berserk!
You hit the black bear.
The black bear looks as sick as possible!
Your headbutt misses the black bear.
The black bear is almost dead.
The black bear bites you!
The black bear claws you but does no damage. x2
The black bear bites you but does no damage.
You block the black bear's attack. The black bear claws you.
You barely miss the black bear.
The black bear is almost dead.
The black bear bites you. You block the black bear's attack.
The black bear claws you but does no damage.
You hit the black bear but do no damage.
The black bear looks as sick as possible!
The black bear is almost dead.
The black bear bites you but does no damage.
The black bear claws you. You block the black bear's attack.
The black bear bites you. The black bear claws you. x2
* * * LOW HITPOINT WARNING * * *
You closely miss the black bear.
The black bear is almost dead.
The black bear closely misses you. The black bear claws you.
* * * LOW HITPOINT WARNING * * *
You block the black bear's attack. The black bear bites you!
* * * LOW HITPOINT WARNING * * *
The black bear claws you.
* * * LOW HITPOINT WARNING * * *
The black bear claws you.
You die...

#.#####.#..<#.#.#
#.###########.#.#
#.))).......#.#.#
###########.#.#.#
#.#.#.# #.#.#.#
#.#...# #.#####
#@# #h# ... "#.#.
..#...# ## ### #


You could see a black bear (berserk, extremely poisoned).

Vanquished Creatures
  Pargi (Sewer)
  2 orc priests (D:4)
  Robin (D:4)
  3 adders
  A worm (D:2)
  A dart slug (D:1)
  3 orcs (D:4)
  4 endoplasms
  6 giant cockroaches
  10 goblins
  10 hobgoblins
  9 jackals
  8 kobolds
  9 quokkas
  10 ball pythons
  A bat (D:1)
  7 frilled lizards
  6 rats
92 creatures vanquished.

Notes
Turn   | Place    | Note
-------+----------+-------------------------------------------
     0 | D:1      | Peloso the Minotaur Fighter began the quest for the Orb.
     0 | D:1      | Reached XP level 1. HP: 19/19 MP: 0/0
   371 | D:1      | Reached XP level 2. HP: 26/27 MP: 1/1
   711 | D:1      | Reached XP level 3. HP: 32/33 MP: 2/2
   878 | D:1      | Found a faded altar of an unknown god.
  1992 | D:3      | Reached XP level 4. HP: 40/40 MP: 3/3
  2047 | D:3      | Found a hazy altar of Hepliaklqana.
  2247 | D:3      | Found a glowing drain.
  2268 | Sewer    | Entered a sewer
  2423 | Sewer    | Noticed Pargi
  2428 | Sewer    | Killed Pargi
  2429 | Sewer    | Reached XP level 5. HP: 42/47 MP: 4/4
  2730 | D:3      | Reached skill level 5 in Armour
  3087 | D:4      | Reached skill level 5 in Long Blades
  3096 | D:4      | Reached XP level 6. HP: 50/53 MP: 5/5
  3159 | D:4      | Noticed Robin
  3165 | D:4      | Killed Robin
  3194 | D:4      | HP: 1/53 [black bear (3)]
  3194 | D:4      | Slain by a black bear

Illustrated notes

Levels and vault maps discovered:
D:1:      dpeg_arrival_pond, layout_loops_corners,
          hellmonk_ecumenical_altar_prayer_group, minmay_cut_off
D:2:      layout_basic, serial_bayou_crossing
D:3:      layout_loops_corners, lemuel_tele_altar, portal_sewer_entry_f
D:4:      layout_basic, marbit_many_paths, kennysheep_generic_room_7, uniq_robin

Skill      XL: |  1  2  3  4  5 |
---------------+----------------+-----
Fighting       | 4 |  4.5
Armour         | 4 5 |  5.2
Shields        | 4 |  4.4
Long Blades    | 3 4 5 |  5.4
Dodging        | |  0.8
Stealth        | |  0.4

Action                   |  1- 3 |  4- 6 || total
-------------------------+-------+-------++-------
Melee: Long sword        |   107 |    92 ||   199
       Headbutt          |    16 |    11 ||    27
  Use: Scroll            |     6 |     1 ||     7
Armor: Chain mail        |    57 |    53 ||   110
Dodge: Dodged            |    42 |    30 ||    72
Block: Buckler           |    24 |    21 ||    45
